 Dungeon Crawl Stone Soup version 0.29.0-4-gdea44cf6ec (webtiles) character file.

Game seed: 12272881355152927736

66147 qw the Severer (level 15, 0/96 HPs)
             Began as a Gargoyle Fighter on Sept 8, 2022.
             Was a High Priest of Okawaru.
             Slain by a balrug
             ... wielding a +1 demon whip of electrocution
              (17 damage)
             ... in a Gauntlet.
             The game lasted 00:09:20 (23886 turns).

qw the Severer (Gargoyle Fighter)                  Turns: 23886, Time: 00:09:20

Health: 0/96       AC: 38    Str: 31      XL:     15   Next: 18%
Magic:  22/22      EV:  8    Int: 10 (11) God:    Okawaru [*****.]
Gold:   1009       SH: 18    Dex:  6 (7)  Spells: 14/14 levels left

rFire   . . .      SeeInvis .   Y - +3 broad axe (venom)
rCold   . . .      Faith    .   B - +0 tower shield
rNeg    + . .      Spirit   .   t - +0 plate armour
rPois   inf        Reflect  .   h - +0 helmet
rElec   +          Harm     .   j - +1 cloak
rCorr   .          Rampage  .   f - +2 pair of gloves
Will    ++...      NoTele   +   b - +0 pair of boots
Stlth   ..........              w - amulet of the acrobat
HPRegen 0.26/turn               k - ring of the Heavens {Will+ Str+6}
MPRegen 0.18/turn               s - +4 ring of slaying {mikee}

@: heroic, flying
A: sickness immunity, AC +11, big wings, negative energy resistance 1,
electricity resistance, torment resistance 1, petrification resistance, clumsy
1, deterioration 1
a: Renounce Religion, Heroism, Finesse, Duel


You were in a Gauntlet.
You worshipped Okawaru.
Okawaru was extremely pleased with you.
You visited 3 branches of the dungeon, and saw 20 of its levels.
You also visited: Gauntlet.

You collected 1479 gold pieces.
You spent 470 gold pieces at shops.


Innate Abilities, Weirdness & Mutations

You are immune to sickness and miasma.
Your stone body is resilient. (AC +11)
You are immune to poison.
Your large and strong wings let you fly.
You resist negative energy. (rN+)
You are resistant to electric shocks. (rElec)
You are resistant to unholy torment.
You are immune to petrification.
You are clumsy. (Dex -2)
Your body sometimes deteriorates upon taking damage.


   Skills:
 - Level 12.0(17.0) Fighting
 - Level 15.3(20.3) Axes
 - Level 3.8(8.8) Throwing
 - Level 11.0(16.0) Armour
 - Level 3.1(8.1) Dodging
 + Level 12.5(17.5) Shields
 - Level 10.0 Invocations


You had 14 spell levels left.
You didn't know any spells.
Your spell library was empty.

Inventory:

Hand Weapons
 y - the +10 hand axe "Musuf" {flame, Dex+4}
   (You took it off an orc on level 11 of the Dungeon)

   It burns those it strikes, dealing additional fire damage.
   Big, fiery blades are also staple armaments of hydra-hunters.
   Dex:       It affects your dexterity (+4).
 Y - a +3 broad axe of venom (weapon)
Missiles
 e - 16 boomerangs (quivered)
Armour
 a - the +0 helmet of Okawaru's Indignation {-Tele Fly Str+3 Int+7}
   (Okawaru gifted it to you on level 13 of the Dungeon)

   Str:       It affects your strength (+3).
   Int:       It affects your intelligence (+7).
   Fly:       It grants you flight.
   -Tele:     It prevents most forms of teleportation.
 b - a +0 pair of boots (worn)
 f - a +2 pair of gloves (worn)
 h - a +0 helmet (worn)
 j - a +1 cloak (worn)
 t - a +0 plate armour (worn)
 B - a +0 tower shield (worn)
Jewellery
 c - a +4 ring of evasion
 k - the ring of the Heavens (left hand) {Will+ Str+6}
   (You found it on level 7 of the Dungeon)

   [ring of strength]

   Str:       It affects your strength (+6).
   Will:      It increases your willpower.
 s - a +4 ring of slaying (right hand) {mikee}
 w - an amulet of the acrobat (around neck)
 A - the ring of the Endless Expanse {Ice Will+ Str+2 Dex+2}
   (You found it on level 12 of the Dungeon)

   [ring of ice]

   It enhances your ice magic.
   Str:       It affects your strength (+2).
   Dex:       It affects your dexterity (+2).
   rF:        It makes you vulnerable to fire.
   rC:        It protects you from cold.
   Will:      It increases your willpower.
Scrolls
 l - 8 scrolls of identify
 p - 3 scrolls of fog
 q - 2 scrolls of blinking
 C - a scroll of teleportation
Potions
 d - 6 potions of might
 g - a potion of haste
 i - 9 potions of attraction
 m - 14 potions of curing
 n - 2 potions of lignification
 r - a potion of cancellation
 u - 3 potions of heal wounds
 v - 2 potions of magic
 x - 2 potions of resistance
 z - 2 potions of mutation

Dungeon Overview and Level Annotations

Branches:
Dungeon (14/15)            Temple (1/1) D:5            Lair (5/5) D:10
 Shoals (0/4) Lair:3        Snake (0/4) Lair:3        Slime (0/5) Lair:5
    Orc (0/2) D:11         Vaults (0/5) D:13        Gauntlet (1/1)

Altars:
Elyvilon
Gozag
Kikubaaqudgha
Makhleb
Nemelex Xobeh
Okawaru
Qazlal
Ru
Sif Muna
Trog
Vehumet
Xom
Zin
The Shining One
Lugonu

Shops:
D:9 ?!

Portals:
Abyss: Lair:5

Annotations:
Gauntlet 7 transporters


Message History

You destroy the spectral black mamba!
Okawaru accepts your kill.
Magic restored.
Partly explored, unvisited transporter.
Partly explored, unvisited transporter.
You see here a death scarab corpse.
The thrashing horror roars!
There is a transporter here.
You enter the transporter and appear at another place.
Partly explored, unvisited transporter.
There is a transporter here.
You enter the transporter and appear at another place.
A balrug is nearby!
You slash the balrug!
The balrug is poisoned.
The balrug is lightly wounded.
You block the balrug's attack.
You slice the balrug!!
The balrug is heavily wounded.
You block the balrug's attack.
You hit the balrug but do no damage.
The balrug is heavily wounded.
The balrug hits you with a +1 demon whip of electrocution!
You are engulfed in flames!!
You barely miss the balrug.
The balrug is heavily wounded.
The balrug hits you with a +1 demon whip of electrocution!!
Your body deteriorates!
You feel dopey.
You are engulfed in flames!!
You barely miss the balrug.
The balrug is heavily wounded.
You block the balrug's attack.
You slice the balrug!!
The balrug looks as sick as possible!
The balrug is almost dead.
The balrug gestures at you. The bolt of fire hits you!!
23886 ||| DRINKING 4 potions of heal wounds.
You feel much better.
The balrug hits you with a +1 demon whip of electrocution.
You are engulfed in flames!
You die...

.......................##
.............¤.........~#
.#########..#########.¤##
.#.......#..#.......#¤.¤#
.#.##.##)#..#..#.#.=#..##
###..#..#####..#.#..#..¤# #
^#.##^##^#^^#..#^#.^#..## .#
###..#%.#####..#.#.[#..~# ..##
.#.##.##.#..#..#@#.!#..###....
.#......[#..#..2....#..#....#
.#########..#########..#^...#
.....................\.#....##
.......................#......
########..###########..#^...##
.......#..#..xXxx...#..#....#
#...##.#..#...###...#..###..#
.#.#.#.#..#....#...=#..~# ....


You could see a balrug (extremely poisoned), a thrashing horror and 3 small
abominations.

Vanquished Creatures
  A sphinx (D:12)
  A tengu reaver (D:12)
  Gastronok (Lair:2)
  Nessos (Lair:4)
  An ettin (D:12)
  An ice dragon (D:12)
  4 vault guards (D:13)
  3 hydras
  3 boulder beetles
  A centaur warrior (D:13)
  5 two-headed ogres
  A death scarab (Gauntlet)
  5 death yaks (Lair:3)
  4 thrashing horrors (Lair:5)
  2 skeletal warriors
  An orc knight (D:11)
  2 wolf spiders (Lair:3)
  2 ugly things
  A deep elf archer (D:12)
  2 manticores (D:12)
  A large abomination (Lair:5)
  2 merfolk sirens (Lair:3)
  17 elephants
  Maggie (D:7)
  5 black mambas
  2 smoke demons (Lair:5)
  2 gargoyles
  2 unseen horrors
  6 cane toads
  2 kobold demonologists (D:8)
  Psyche (D:7)
  9 komodo dragons
  A yaktaur (shapeshifter) (Lair:5)
  A yaktaur (D:13)
  3 ancient zymes (Lair:5)
  A troll (D:11)
  3 polar bears
  A troll (shapeshifter) (Lair:5)
  2 merfolk (Lair:3)
  A hornet (D:8)
  19 blink frogs
  2 dream sheep (Lair:5)
  15 slime creatures
  A spectral black mamba (Gauntlet)
  A ynoxinul (Lair:5)
  6 shadows
  5 basilisks
  3 wyverns
  2 wraiths (D:12)
  A yak (shapeshifter) (Lair:5)
  20 yaks
  A spriggan (Lair:5)
  7 small abominations (Lair:5)
  A vampire mosquito (D:13)
  A redback (shapeshifter) (Lair:5)
  3 acid dragons
  19 water moccasins
  Duvessa (D:7)
  3 ice beasts
  3 black bears
  9 orc warriors
  5 ogres
  12 wolves
  2 centaurs
  3 phantoms
  5 kobold brigands
  2 necrophages (D:5)
  12 bullfrogs
  A gnoll sergeant (D:9)
  6 scorpions
  Dowan (D:7)
  20 killer bees
  2 howler monkeys (D:11)
  A crimson imp (D:8)
  7 hounds
  8 orc priests
  3 jellies (D:5)
  4 gnoll boudas
  3 iguanas
  15 orc wizards
  7 hell rats
  14 adders
  26 gnolls
  3 white imps
  3 ufetubi
  A worm (D:3)
  3 dart slugs
  59 orcs
  7 endoplasms
  2 giant cockroaches
  2 goblins (D:1)
  10 hobgoblins
  6 jackals
  20 kobolds
  2 quokkas
  12 ball pythons
  13 bats
  5 frilled lizards
  7 rats
542 creatures vanquished.

Vanquished Creatures (others)
  An orc (D:11)
  15 fungi
  30 plants
46 creatures vanquished.

Grand Total: 588 creatures vanquished

Notes
Turn   | Place    | Note
-------+----------+-------------------------------------------
     0 | D:1      | qw the Gargoyle Fighter began the quest for the Orb.
     0 | D:1      | Reached XP level 1. HP: 14/14 MP: 1/1
     0 | D:1      | 0 ||| qw: Version: 0.1-a-112-g44dc6cd
     0 | D:1      | 0 ||| qw: Game counter: 6672
     0 | D:1      | 0 ||| qw: Always use a shield: true
     0 | D:1      | 0 ||| qw: God list: Okawaru
     0 | D:1      | 0 ||| qw: Allow faded altars: false
     0 | D:1      | 0 ||| qw: Do Orc after D:15 true
     0 | D:1      | 0 ||| qw: Do second Lair branch before Depths: true
     0 | D:1      | 0 ||| qw: Lair rune preference: random
     0 | D:1      | 0 ||| qw: Plans: Normal, Zot, God:TSO, Crypt, Tomb, Zig,
                  | Orb
     0 | D:1      | 0 ||| PLANNING D:1-11
    57 | D:1      | Reached skill level 2 in Axes
   300 | D:1      | Reached XP level 2. HP: 19/19 MP: 2/2
   581 | D:1      | 581 ||| DROPPING +0 club.
   600 | D:1      | 600 ||| Stepping ~*~*~tactically~*~*~ (stealth).
   601 | D:1      | 601 ||| Stepping ~*~*~tactically~*~*~ (stealth).
   606 | D:1      | Reached skill level 3 in Axes
   715 | D:1      | Reached XP level 3. HP: 23/23 MP: 3/3
   803 | D:1      | 803 ||| UPGRADING to +0 chain mail.
   813 | D:1      | 813 ||| DROPPING +0 scale mail.
   814 | D:1      | 814 ||| UPGRADING to +0 helmet.
   819 | D:1      | 819 ||| DROPPING orb of energy.
   820 | D:1      | 820 ||| READING 2 scrolls labelled GASTRU MANOMP.
   825 | D:1      | 825 ||| READING 2 scrolls labelled XAETHR JUWN.
   826 | D:1      | 826 ||| READING scroll labelled OWETSEDORO.
   879 | D:1      | 879 ||| DROPPING scroll of poison.
  1151 | D:2      | 1151 ||| Stepping ~*~*~tactically~*~*~ (stealth).
  1198 | D:2      | 1198 ||| Stepping ~*~*~tactically~*~*~ (stealth).
  1199 | D:2      | 1199 ||| Stepping ~*~*~tactically~*~*~ (stealth).
  1239 | D:2      | Reached XP level 4. HP: 28/28 MP: 4/4
  1364 | D:2      | Reached skill level 4 in Axes
  1757 | D:2      | 1757 ||| READING scroll labelled MATHROXUTZYD.
  1758 | D:2      | 1758 ||| READING scroll labelled XEMYAM OQ XOTT.
  1759 | D:2      | 1759 ||| READING scroll labelled LOSMOGR BIUB.
  1760 | D:2      | 1760 ||| DRINKING 2 yellow potions.
  1761 | D:2      | 1761 ||| DRINKING 2 inky potions.
  1762 | D:2      | 1762 ||| DROPPING potion of magic.
  1788 | D:3      | 1788 ||| Stepping ~*~*~tactically~*~*~ (stealth).
  1792 | D:3      | 1792 ||| Stepping ~*~*~tactically~*~*~ (hiding).
  1798 | D:3      | 1798 ||| Stepping ~*~*~tactically~*~*~ (hiding).
  1809 | D:3      | Reached XP level 5. HP: 9/32 MP: 5/5
  1810 | D:3      | 1810 ||| FLEEEEING.
  1811 | D:3      | 1811 ||| FLEEEEING.
  1812 | D:3      | 1812 ||| STAIRDANCE
  2032 | D:3      | 2032 ||| STAIRDANCE
  2047 | D:3      | 2047 ||| Stepping ~*~*~tactically~*~*~ (stealth).
  2055 | D:3      | Identified the +4 mace of Viriq {pain, rN+ SInv Stlth+}
  2064 | D:3      | 2064 ||| DROPPING +0 whip.
  2119 | D:3      | 2119 ||| Stepping ~*~*~tactically~*~*~ (hiding).
  2523 | D:3      | 2523 ||| Stepping ~*~*~tactically~*~*~ (stealth).
  2536 | D:3      | HP: 5/32 [gnoll/+0 halberd of protection (6)]
  2537 | D:3      | 2537 ||| READING 2 scrolls of teleportation.
  2538 | D:3      | 2538 ||| DRINKING potion of heal wounds.
  2794 | D:3      | HP: 3/32 [gnoll/+0 spear (7)]
  2795 | D:3      | 2795 ||| READING scroll of teleportation.
  3094 | D:3      | Found a sparkling altar of Nemelex Xobeh.
  3095 | D:3      | Found a white marble altar of Elyvilon.
  3165 | D:3      | 3165 ||| Stepping ~*~*~tactically~*~*~ (stealth).
  3166 | D:3      | 3166 ||| Stepping ~*~*~tactically~*~*~ (stealth).
  3174 | D:3      | Reached skill level 5 in Axes
  3523 | D:3      | 3523 ||| UPGRADING to +0 pair of gloves.
  3528 | D:3      | 3528 ||| UPGRADING to +4 ring of evasion.
  3529 | D:3      | 3529 ||| READING scroll labelled GUORAS VICOSY.
  3530 | D:3      | 3530 ||| READING scroll labelled KIUPAGIVIO.
  3531 | D:3      | 3531 ||| DRINKING 2 fuming green potions.
  3531 | D:3      | Gained mutation: Your body sometimes deteriorates upon
                  | taking damage. [potion of mutation]
  3531 | D:3      | Gained mutation: You sometimes lose your temper in combat.
                  | [potion of mutation]
  3531 | D:3      | Gained mutation: You are partially covered in iridescent
                  | scales. (AC +2) [potion of mutation]
  3532 | D:3      | 3532 ||| DRINKING potion of mutation.
  3532 | D:3      | Lost mutation: You are partially covered in iridescent
                  | scales. (AC +2) [potion of mutation]
  3532 | D:3      | Lost mutation: You sometimes lose your temper in combat.
                  | [potion of mutation]
  3532 | D:3      | Lost mutation: Your body sometimes deteriorates upon taking
                  | damage. [potion of mutation]
  3532 | D:3      | Gained mutation: Your body sometimes deteriorates upon
                  | taking damage. [potion of mutation]
  3532 | D:3      | Gained mutation: You are clumsy. (Dex -2) [potion of
                  | mutation]
  3533 | D:3      | 3533 ||| DRINKING 2 fizzy ruby potions.
  3534 | D:3      | 3534 ||| DRINKING 3 viscous purple potions.
  3535 | D:3      | 3535 ||| DRINKING 2 bubbling blue potions.
  3640 | D:3      | 3640 ||| READING 2 scrolls of identify.
  3640 | D:3      | 3640 ||| IDENTIFYING cyan potion
  3641 | D:3      | 3641 ||| DROPPING potion of degeneration.
  3642 | D:3      | 3642 ||| DROPPING potion of brilliance.
  3643 | D:3      | 3643 ||| DROPPING potion of berserk rage.
  3677 | D:4      | Reached XP level 6. HP: 33/39 MP: 6/6
  3741 | D:4      | 3741 ||| Stepping ~*~*~tactically~*~*~ (stealth).
  3742 | D:4      | 3742 ||| Stepping ~*~*~tactically~*~*~ (stealth).
  3878 | D:4      | 3878 ||| Stepping ~*~*~tactically~*~*~ (stealth).
  4176 | D:4      | 4176 ||| Stepping ~*~*~tactically~*~*~ (stealth).
  4486 | D:4      | Noticed a black bear
  4502 | D:4      | Killed a black bear
  4503 | D:4      | Reached skill level 6 in Axes
  4503 | D:4      | Reached XP level 7. HP: 32/44 MP: 7/7
  4788 | D:4      | 4788 ||| UPGRADING to ring of resist corrosion.
  4789 | D:4      | 4789 ||| READING scroll labelled KUH JUGOPSIACW.
  4790 | D:4      | 4790 ||| DROPPING +4 mace of Viriq {pain, rN+ SInv Stlth+}.
  4791 | D:4      | 4791 ||| READING scroll labelled ZABOAFR BENWI.
  4792 | D:4      | 4792 ||| READING 6 scrolls of identify.
  4792 | D:4      | 4792 ||| IDENTIFYING smoky inky potion
  4793 | D:4      | 4793 ||| READING 5 scrolls of identify.
  4793 | D:4      | 4793 ||| IDENTIFYING blue potion
  4794 | D:4      | 4794 ||| DROPPING potion of ambrosia.
  4828 | D:5      | Entered Level 5 of the Dungeon
  4831 | D:5      | 4831 ||| STAIRDANCE
  4848 | D:5      | 4848 ||| STAIRDANCE
  4964 | D:5      | Reached skill level 7 in Axes
  5026 | D:5      | 5026 ||| Stepping ~*~*~tactically~*~*~ (hiding).
  5048 | D:5      | Reached XP level 8. HP: 49/49 MP: 8/8
  5138 | D:5      | 5138 ||| Stepping ~*~*~tactically~*~*~ (hiding).
  5379 | D:5      | 5379 ||| Stepping ~*~*~tactically~*~*~ (stealth).
  5520 | D:5      | Found a staircase to the Ecumenical Temple.
  5521 | D:5      | 5521 ||| PLANNING TEMPLE
  5534 | Temple   | Entered the Ecumenical Temple
  5537 | Temple   | Became a worshipper of Warmaster Okawaru
  5539 | Temple   | 5539 ||| PLANNING D:1-11
  5591 | D:5      | 5591 ||| Stepping ~*~*~tactically~*~*~ (stealth).
  5649 | D:5      | 5649 ||| Stepping ~*~*~tactically~*~*~ (stealth).
  5661 | D:5      | Identified the +5 short sword of a Billion Souls {elec, Fly
                  | Int+2 Stlth+}
  5664 | D:5      | 5664 ||| Stepping ~*~*~tactically~*~*~ (hiding).
  5753 | D:5      | 5753 ||| Stepping ~*~*~tactically~*~*~ (stealth).
  5765 | D:5      | Reached skill level 8 in Axes
  5915 | D:5      | You fall into a shaft and drop 3 floors!
  5933 | D:8      | Noticed a two-headed ogre
  5939 | D:8      | HP: 12/49 [two-headed ogre/+1 dire flail of protection
                  | (20)]
  5940 | D:8      | 5940 ||| READING 3 scrolls of teleportation.
  5942 | D:8      | HP: 2/49 [two-headed ogre/+1 dire flail of protection (8)]
  6239 | D:8      | Noticed a kobold demonologist
  6240 | D:8      | 6240 ||| Stepping ~*~*~tactically~*~*~ (stealth).
  6242 | D:8      | Noticed a kobold demonologist
  6246 | D:8      | Noticed an orange demon
  6249 | D:8      | Killed a kobold demonologist
  6249 | D:8      | Reached * piety under Okawaru
  6250 | D:8      | Reached skill level 3 in Dodging
  6253 | D:8      | 6253 ||| INVOKING Heroism.
  6256 | D:8      | Reached skill level 1 in Invocations
  6258 | D:8      | Reached XP level 9. HP: 40/54 MP: 6/10
  6260 | D:8      | Killed a kobold demonologist
  6261 | D:8      | Reached skill level 6 in Fighting
  6261 | D:8      | Reached skill level 3 in Invocations
  6384 | D:8      | Reached ** piety under Okawaru
  6415 | D:8      | 6415 ||| Stepping ~*~*~tactically~*~*~ (stealth).
  6419 | D:8      | 6419 ||| Stepping ~*~*~tactically~*~*~ (stealth).
  6422 | D:8      | 6422 ||| Stepping ~*~*~tactically~*~*~ (stealth).
  6423 | D:8      | 6423 ||| Stepping ~*~*~tactically~*~*~ (stealth).
  6427 | D:8      | 6427 ||| Stepping ~*~*~tactically~*~*~ (stealth).
  6429 | D:8      | 6429 ||| Stepping ~*~*~tactically~*~*~ (stealth).
  6430 | D:8      | 6430 ||| Stepping ~*~*~tactically~*~*~ (stealth).
  6456 | D:8      | 6456 ||| READING scroll labelled YBLUQI VUICU.
  6541 | D:7      | 6541 ||| READING scroll labelled ALAROMP SUSEHE.
  6542 | D:7      | 6542 ||| READING 6 scrolls of identify.
  6542 | D:7      | 6542 ||| IDENTIFYING purple potion
  6549 | D:6      | 6549 ||| Stepping ~*~*~tactically~*~*~ (hiding).
  6550 | D:6      | 6550 ||| Stepping ~*~*~tactically~*~*~ (hiding).
  6551 | D:6      | 6551 ||| INVOKING Heroism.
  6844 | D:5      | 6844 ||| INVOKING Heroism.
  6990 | D:5      | 6990 ||| READING 5 scrolls of identify.
  6990 | D:5      | 6990 ||| IDENTIFYING murky inky potion
  7057 | D:6      | 7057 ||| INVOKING Heroism.
  7063 | D:6      | Reached skill level 9 in Axes
  7088 | D:6      | 7088 ||| FLEEEEING.
  7089 | D:6      | 7089 ||| FLEEEEING.
  7090 | D:6      | 7090 ||| FLEEEEING.
  7091 | D:6      | 7091 ||| FLEEEEING.
  7092 | D:6      | 7092 ||| FLEEEEING.
  7093 | D:6      | 7093 ||| FLEEEEING.
  7094 | D:6      | 7094 ||| FLEEEEING.
  7095 | D:6      | 7095 ||| STAIRDANCE
  7203 | D:5      | 7203 ||| DROPPING +2 hat.
  7214 | D:6      | Found a stormy altar of Qazlal.
  7427 | D:6      | 7427 ||| INVOKING Heroism.
  7633 | D:6      | 7633 ||| UPGRADING to +4 ring of slaying {mikee}.
  7635 | D:6      | 7635 ||| DROPPING ring of resist corrosion.
  7636 | D:6      | 7636 ||| READING scroll labelled OLADAESSITRE.
  7636 | D:6      | Identified a scroll of acquirement
  7636 | D:6      | 7636 ||| ACQUIRING +1 broad axe of flaming
  7636 | D:6      | Acquired a +1 broad axe of flaming
  7638 | D:6      | 7638 ||| SWAPPING to +1 broad axe of flaming.
  7639 | D:6      | 7639 ||| DROPPING +0 war axe of flaming.
  7640 | D:6      | 7640 ||| READING 4 scrolls of identify.
  7640 | D:6      | 7640 ||| IDENTIFYING puce potion
  7641 | D:6      | 7641 ||| DROPPING potion of invisibility.
  7747 | D:7      | Noticed Duvessa
  7747 | D:7      | Noticed Dowan
  7748 | D:7      | 7748 ||| INVOKING Heroism.
  7752 | D:7      | Killed Duvessa
  7759 | D:7      | Killed Dowan
  7892 | D:7      | Found a glowing golden altar of the Shining One.
  7993 | D:7      | 7993 ||| Stepping ~*~*~tactically~*~*~ (hiding).
  8127 | D:7      | Found a sacrificial altar of Ru.
  8169 | D:7      | Found an ancient bone altar of Kikubaaqudgha.
  8172 | D:7      | Found a shimmering blue altar of Sif Muna.
  8175 | D:7      | Found a radiant altar of Vehumet.
  8288 | D:7      | Reached XP level 10. HP: 63/63 MP: 13/13
  8341 | D:7      | 8341 ||| INVOKING Heroism.
  8341 | D:7      | HP: 15/63 [ogre/+0 giant club (24)]
  8342 | D:7      | 8342 ||| READING 4 scrolls of teleportation.
  8348 | D:7      | 8348 ||| FLEEEEING.
  8349 | D:7      | 8349 ||| Stepping ~*~*~tactically~*~*~ (stealth).
  8350 | D:7      | 8350 ||| Stepping ~*~*~tactically~*~*~ (stealth).
  8351 | D:7      | 8351 ||| FLEEEEING.
  8355 | D:7      | 8355 ||| Stepping ~*~*~tactically~*~*~ (hiding).
  8356 | D:7      | Reached *** piety under Okawaru
  8357 | D:7      | 8357 ||| Stepping ~*~*~tactically~*~*~ (hiding).
  8358 | D:7      | 8358 ||| Stepping ~*~*~tactically~*~*~ (hiding).
  8369 | D:7      | Reached skill level 10 in Axes
  8377 | D:7      | 8377 ||| INVOKING Heroism.
  8483 | D:7      | 8483 ||| Stepping ~*~*~tactically~*~*~ (stealth).
  8486 | D:7      | 8486 ||| Stepping ~*~*~tactically~*~*~ (stealth).
  8487 | D:7      | 8487 ||| Stepping ~*~*~tactically~*~*~ (stealth).
  8488 | D:7      | 8488 ||| FLEEEEING.
  8489 | D:7      | 8489 ||| Stepping ~*~*~tactically~*~*~ (hiding).
  8490 | D:7      | 8490 ||| FLEEEEING.
  8491 | D:7      | 8491 ||| INVOKING Heroism.
  8607 | D:7      | Identified the ring of the Heavens {Will+ Str+6}
  8668 | D:7      | Noticed Maggie
  8678 | D:7      | 8678 ||| INVOKING Heroism.
  8682 | D:7      | Killed Maggie
  8742 | D:7      | 8742 ||| Stepping ~*~*~tactically~*~*~ (stealth).
  8743 | D:7      | 8743 ||| Stepping ~*~*~tactically~*~*~ (stealth).
  8749 | D:7      | 8749 ||| Stepping ~*~*~tactically~*~*~ (stealth).
  8867 | D:7      | 8867 ||| Stepping ~*~*~tactically~*~*~ (hiding).
  9298 | D:7      | 9298 ||| UPGRADING to ring of the Heavens {Will+ Str+6}.
  9300 | D:7      | 9300 ||| READING 4 scrolls of identify.
  9300 | D:7      | 9300 ||| IDENTIFYING white potion
  9301 | D:7      | 9301 ||| DROPPING potion of flight.
  9341 | D:8      | 9341 ||| STAIRDANCE
  9344 | D:8      | Noticed Psyche
  9345 | D:8      | 9345 ||| STAIRDANCE
  9356 | D:8      | 9356 ||| STAIRDANCE
  9366 | D:7      | Killed Psyche
  9366 | D:7      | Reached **** piety under Okawaru
  9546 | D:8      | Noticed a two-headed ogre
  9547 | D:8      | 9547 ||| INVOKING Heroism.
  9561 | D:8      | Killed a two-headed ogre
  9561 | D:8      | Received a gift from Okawaru
  9562 | D:8      | Reached skill level 3 in Throwing
 10054 | D:8      | 10054 ||| INVOKING Heroism.
 10061 | D:8      | Killed a two-headed ogre
 10465 | D:8      | 10465 ||| READING 3 scrolls of identify.
 10465 | D:8      | 10465 ||| IDENTIFYING fizzy black potion
 10485 | D:9      | Found Woarocix's Distillery.
 10486 | D:9      | 10486 ||| INVOKING Heroism.
 10489 | D:9      | 10489 ||| STAIRDANCE
 10525 | D:9      | 10525 ||| STAIRDANCE
 10527 | D:8      | 10527 ||| INVOKING Heroism.
 10689 | D:8      | 10689 ||| UPGRADING to +0 plate armour.
 10699 | D:8      | 10699 ||| DROPPING +0 chain mail.
 10703 | D:9      | 10703 ||| STAIRDANCE
 10710 | D:9      | 10710 ||| STAIRDANCE
 10723 | D:9      | 10723 ||| STAIRDANCE
 10772 | D:9      | 10772 ||| STAIRDANCE
 10806 | D:9      | 10806 ||| BUYING potion of attraction (42 gold).
 10806 | D:9      | Bought a potion of attraction for 42 gold pieces
 10806 | D:9      | 10806 ||| BUYING potion of heal wounds (70 gold).
 10806 | D:9      | Bought a potion of heal wounds for 70 gold pieces
 10806 | D:9      | 10806 ||| BUYING potion of magic (112 gold).
 10806 | D:9      | Bought a potion of magic for 112 gold pieces
 10806 | D:9      | 10806 ||| BUYING potion of magic (112 gold).
 10806 | D:9      | Bought a potion of magic for 112 gold pieces
 10806 | D:9      | 10806 ||| BUYING potion of might (56 gold).
 10806 | D:9      | Bought a potion of might for 56 gold pieces
 10806 | D:9      | 10806 ||| SHOPLISTING potion of might (56 gold, have 48).
 10806 | D:9      | 10806 ||| SHOPLISTING potion of mutation (112 gold, have
                  | 48).
 10816 | D:9      | 10816 ||| INVOKING Heroism.
 10821 | D:9      | Reached XP level 11. HP: 67/68 MP: 12/15
 10825 | D:9      | Reached skill level 6 in Invocations
 10966 | D:9      | Noticed a boulder beetle
 10967 | D:9      | 10967 ||| INVOKING Heroism.
 10972 | D:9      | Killed a boulder beetle
 10973 | D:9      | Reached skill level 6 in Armour
 11060 | D:9      | 11060 ||| INVOKING Heroism.
 11064 | D:9      | Received a gift from Okawaru
 11090 | D:9      | 11090 ||| Stepping ~*~*~tactically~*~*~ (stealth).
 11093 | D:9      | 11093 ||| Stepping ~*~*~tactically~*~*~ (hiding).
 11094 | D:9      | 11094 ||| Stepping ~*~*~tactically~*~*~ (hiding).
 11097 | D:9      | 11097 ||| Stepping ~*~*~tactically~*~*~ (hiding).
 11099 | D:9      | 11099 ||| Stepping ~*~*~tactically~*~*~ (hiding).
 11113 | D:9      | 11113 ||| Stepping ~*~*~tactically~*~*~ (stealth).
 11116 | D:9      | 11116 ||| Stepping ~*~*~tactically~*~*~ (hiding).
 11117 | D:9      | 11117 ||| Stepping ~*~*~tactically~*~*~ (hiding).
 11119 | D:9      | 11119 ||| Stepping ~*~*~tactically~*~*~ (hiding).
 11125 | D:9      | 11125 ||| Stepping ~*~*~tactically~*~*~ (stealth).
 11196 | D:9      | 11196 ||| Stepping ~*~*~tactically~*~*~ (stealth).
 11199 | D:9      | 11199 ||| Stepping ~*~*~tactically~*~*~ (hiding).
 11201 | D:9      | 11201 ||| Stepping ~*~*~tactically~*~*~ (hiding).
 11213 | D:9      | 11213 ||| Stepping ~*~*~tactically~*~*~ (stealth).
 11266 | D:9      | 11266 ||| INVOKING Heroism.
 11385 | D:9      | 11385 ||| Stepping ~*~*~tactically~*~*~ (hiding).
 11387 | D:9      | 11387 ||| Stepping ~*~*~tactically~*~*~ (hiding).
 11388 | D:9      | 11388 ||| Stepping ~*~*~tactically~*~*~ (hiding).
 11391 | D:9      | Noticed a two-headed ogre
 11392 | D:9      | 11392 ||| INVOKING Heroism.
 11407 | D:9      | Killed a two-headed ogre
 11423 | D:9      | 11423 ||| Stepping ~*~*~tactically~*~*~ (hiding).
 11424 | D:9      | 11424 ||| Stepping ~*~*~tactically~*~*~ (hiding).
 11425 | D:9      | 11425 ||| Stepping ~*~*~tactically~*~*~ (hiding).
 11426 | D:9      | 11426 ||| Stepping ~*~*~tactically~*~*~ (hiding).
 11427 | D:9      | 11427 ||| Stepping ~*~*~tactically~*~*~ (hiding).
 11428 | D:9      | 11428 ||| INVOKING Heroism.
 11649 | D:9      | Found Nunki's Magic Scroll Shop.
 11653 | D:9      | 11653 ||| BUYING scroll of identify (26 gold).
 11653 | D:9      | Bought a scroll of identify for 26 gold pieces
 11653 | D:9      | 11653 ||| BUYING scroll of identify (26 gold).
 11653 | D:9      | Bought a scroll of identify for 26 gold pieces
 11653 | D:9      | 11653 ||| BUYING scroll of identify (26 gold).
 11653 | D:9      | Bought a scroll of identify for 26 gold pieces
 11653 | D:9      | 11653 ||| SHOPLISTING scroll of teleportation (39 gold,
                  | have 31).
 11813 | D:9      | 11813 ||| UPGRADING to +0 kite shield.
 11823 | D:9      | 11823 ||| DROPPING +0 buckler.
 11824 | D:9      | 11824 ||| DROPPING amulet of guardian spirit.
 11841 | D:10     | Entered Level 10 of the Dungeon
 11879 | D:10     | Found a burning altar of Makhleb.
 11892 | D:10     | Identified the +8 spear of the Shining Light {vorpal, Str+4
                  | Dex+4}
 12010 | D:10     | 12010 ||| Stepping ~*~*~tactically~*~*~ (stealth).
 12014 | D:10     | 12014 ||| INVOKING Heroism.
 12068 | D:10     | 12068 ||| INVOKING Heroism.
 12081 | D:10     | Reached ***** piety under Okawaru
 12140 | D:10     | 12140 ||| INVOKING Heroism.
 12146 | D:10     | 12146 ||| Stepping ~*~*~tactically~*~*~ (stealth).
 12164 | D:10     | 12164 ||| Stepping ~*~*~tactically~*~*~ (hiding).
 12377 | D:10     | Found a staircase to the Lair.
 12378 | D:10     | 12378 ||| INVOKING Heroism.
 12389 | D:10     | Reached skill level 6 in Shields
 12526 | D:10     | Found a glowing silver altar of Zin.
 12684 | D:10     | 12684 ||| PLANNING LAIR
 12684 | D:10     | 12684 ||| READING scroll labelled ISISTUE JEUSA.
 12745 | Lair:1   | Entered Level 1 of the Lair of Beasts
 12746 | Lair:1   | 12746 ||| INVOKING Heroism.
 12803 | Lair:1   | 12803 ||| INVOKING Heroism.
 12857 | Lair:1   | 12857 ||| Stepping ~*~*~tactically~*~*~ (stealth).
 12859 | Lair:1   | 12859 ||| INVOKING Heroism.
 12860 | Lair:1   | Received a gift from Okawaru
 13651 | Lair:1   | 13651 ||| UPGRADING to +0 pair of boots.
 13656 | Lair:1   | 13656 ||| UPGRADING to +2 pair of gloves.
 13666 | Lair:1   | 13666 ||| DROPPING +0 pair of gloves.
 13667 | Lair:1   | 13667 ||| READING scroll labelled JUZYNO BI DEITHRIT.
 13668 | Lair:1   | 13668 ||| READING scroll labelled QYZENOMPOO.
 13677 | Lair:2   | 13677 ||| INVOKING Heroism.
 13682 | Lair:2   | Reached skill level 9 in Invocations
 13733 | Lair:2   | 13733 ||| INVOKING Heroism.
 13748 | Lair:2   | Reached XP level 12. HP: 42/73 MP: 17/19
 14113 | Lair:2   | Received a gift from Okawaru
 14207 | Lair:2   | Noticed Gastronok
 14208 | Lair:2   | 14208 ||| Stepping ~*~*~tactically~*~*~ (hiding).
 14216 | Lair:2   | 14216 ||| INVOKING Heroism.
 14226 | Lair:2   | Killed Gastronok
 14270 | Lair:2   | 14270 ||| INVOKING Heroism.
 14364 | Lair:2   | Received a gift from Okawaru
 14365 | Lair:2   | Reached skill level 9 in Shields
 14500 | Lair:2   | 14500 ||| INVOKING Heroism.
 14732 | Lair:2   | 14732 ||| DROPPING ring of magical power.
 14770 | Lair:3   | 14770 ||| INVOKING Heroism.
 14774 | Lair:3   | 14774 ||| STAIRDANCE
 14784 | Lair:3   | 14784 ||| STAIRDANCE
 14792 | Lair:3   | 14792 ||| STAIRDANCE
 14796 | Lair:2   | Reached skill level 11 in Axes
 14862 | Lair:3   | 14862 ||| STAIRDANCE
 14939 | Lair:3   | Found a staircase to the Snake Pit.
 14978 | Lair:3   | Found a shimmering altar of Xom.
 15008 | Lair:3   | Noticed a death yak
 15009 | Lair:3   | 15009 ||| INVOKING Heroism.
 15009 | Lair:3   | Noticed a death yak
 15010 | Lair:3   | 15010 ||| INVOKING Finesse.
 15011 | Lair:3   | Noticed a death yak
 15014 | Lair:3   | Noticed a death yak
 15014 | Lair:3   | Noticed a death yak
 15016 | Lair:3   | Killed a death yak
 15025 | Lair:3   | Killed a death yak
 15033 | Lair:3   | Killed a death yak
 15033 | Lair:3   | Killed a death yak
 15039 | Lair:3   | Killed a death yak
 15040 | Lair:3   | Reached skill level 9 in Fighting
 15142 | Lair:3   | Identified the +3 leather armour "Kilicoub" {Contam rC+
                  | Int+2}
 15340 | Lair:3   | 15340 ||| Stepping ~*~*~tactically~*~*~ (stealth).
 15344 | Lair:3   | 15344 ||| INVOKING Heroism.
 15345 | Lair:3   | 15345 ||| Stepping ~*~*~tactically~*~*~ (stealth).
 15351 | Lair:3   | Identified the +1 ring mail of Serendipity {rPois rC+ rN+
                  | Str-3} (Okawaru gifted it to you on level 3 of the Lair of
                  | Beasts)
 15351 | Lair:3   | Received a gift from Okawaru
 15383 | Lair:3   | Reached XP level 13. HP: 53/80 MP: 20/20
 15565 | Lair:3   | 15565 ||| Stepping ~*~*~tactically~*~*~ (stealth).
 15566 | Lair:3   | 15566 ||| Stepping ~*~*~tactically~*~*~ (stealth).
 15567 | Lair:3   | 15567 ||| Stepping ~*~*~tactically~*~*~ (stealth).
 15581 | Lair:3   | 15581 ||| Stepping ~*~*~tactically~*~*~ (stealth).
 15673 | Lair:3   | Reached skill level 12 in Axes
 15714 | Lair:3   | Found a staircase to the Shoals.
 15715 | Lair:3   | 15715 ||| Stepping ~*~*~tactically~*~*~ (hiding).
 15721 | Lair:3   | 15721 ||| INVOKING Heroism.
 15725 | Lair:3   | HP: 17/80 [merfolk/+0 trident (6)]
 15726 | Lair:3   | 15726 ||| READING 4 scrolls of teleportation.
 15727 | Lair:3   | 15727 ||| DRINKING 8 potions of heal wounds.
 16073 | Lair:3   | 16073 ||| Stepping ~*~*~tactically~*~*~ (stealth).
 16077 | Lair:3   | 16077 ||| INVOKING Heroism.
 16090 | Lair:3   | 16090 ||| Stepping ~*~*~tactically~*~*~ (stealth).
 16118 | Lair:3   | 16118 ||| INVOKING Heroism.
 16131 | Lair:3   | Reached skill level 9 in Armour
 16252 | Lair:3   | 16252 ||| INVOKING Heroism.
 16453 | Lair:3   | 16453 ||| Stepping ~*~*~tactically~*~*~ (hiding).
 16513 | Lair:3   | 16513 ||| INVOKING Heroism.
 16628 | Lair:3   | 16628 ||| UPGRADING to +1 cloak.
 16633 | Lair:3   | 16633 ||| DROPPING +2 pair of gloves.
 16634 | Lair:3   | 16634 ||| DROPPING ring of flight.
 16635 | Lair:3   | 16635 ||| READING scroll labelled HYSEUX INY GEI.
 16645 | Lair:3   | 16645 ||| Stepping ~*~*~tactically~*~*~ (hiding).
 16646 | Lair:3   | 16646 ||| Stepping ~*~*~tactically~*~*~ (hiding).
 16675 | Lair:4   | 16675 ||| STAIRDANCE
 16848 | Lair:4   | 16848 ||| Stepping ~*~*~tactically~*~*~ (stealth).
 16849 | Lair:4   | 16849 ||| Stepping ~*~*~tactically~*~*~ (stealth).
 16851 | Lair:4   | 16851 ||| Stepping ~*~*~tactically~*~*~ (stealth).
 16864 | Lair:4   | 16864 ||| Stepping ~*~*~tactically~*~*~ (stealth).
 16867 | Lair:4   | 16867 ||| Stepping ~*~*~tactically~*~*~ (stealth).
 16869 | Lair:4   | 16869 ||| Stepping ~*~*~tactically~*~*~ (stealth).
 16870 | Lair:4   | 16870 ||| INVOKING Heroism.
 16872 | Lair:4   | 16872 ||| Stepping ~*~*~tactically~*~*~ (hiding).
 16916 | Lair:4   | 16916 ||| INVOKING Heroism.
 17027 | Lair:4   | 17027 ||| Stepping ~*~*~tactically~*~*~ (stealth).
 17028 | Lair:4   | 17028 ||| Stepping ~*~*~tactically~*~*~ (stealth).
 17029 | Lair:4   | 17029 ||| Stepping ~*~*~tactically~*~*~ (stealth).
 17122 | Lair:4   | 17122 ||| INVOKING Heroism.
 17332 | Lair:4   | 17332 ||| Stepping ~*~*~tactically~*~*~ (stealth).
 17334 | Lair:4   | 17334 ||| Stepping ~*~*~tactically~*~*~ (stealth).
 17341 | Lair:4   | 17341 ||| INVOKING Heroism.
 17348 | Lair:4   | Reached skill level 13 in Axes
 17451 | Lair:4   | Noticed Nessos
 17453 | Lair:4   | 17453 ||| Stepping ~*~*~tactically~*~*~ (hiding).
 17454 | Lair:4   | 17454 ||| INVOKING Heroism.
 17455 | Lair:4   | 17455 ||| INVOKING Finesse.
 17463 | Lair:4   | 17463 ||| Stepping ~*~*~tactically~*~*~ (hiding).
 17468 | Lair:4   | Killed Nessos
 17468 | Lair:4   | Received a gift from Okawaru
 17787 | Lair:5   | Entered Level 5 of the Lair of Beasts
 17787 | Lair:5   | Found a staircase to the Slime Pits.
 17807 | Lair:5   | 17807 ||| INVOKING Heroism.
 17846 | Lair:5   | 17846 ||| READING scroll of brand weapon.
 17846 | Lair:5   | 17846 ||| BRANDING +2 broad axe of flaming.
 17872 | Lair:5   | 17872 ||| INVOKING Heroism.
 17873 | Lair:5   | 17873 ||| INVOKING Finesse.
 17959 | Lair:5   | 17959 ||| Stepping ~*~*~tactically~*~*~ (stealth).
 17962 | Lair:5   | 17962 ||| Stepping ~*~*~tactically~*~*~ (stealth).
 17964 | Lair:5   | 17964 ||| Stepping ~*~*~tactically~*~*~ (stealth).
 17965 | Lair:5   | 17965 ||| Stepping ~*~*~tactically~*~*~ (stealth).
 17978 | Lair:5   | 17978 ||| INVOKING Heroism.
 17999 | Lair:5   | Received a gift from Okawaru
 18119 | Lair:5   | 18119 ||| INVOKING Heroism.
 18226 | Lair:5   | 18226 ||| INVOKING Heroism.
 18266 | Lair:5   | Received a gift from Okawaru
 18292 | Lair:5   | Gained mutation: Your large and strong wings let you fly.
                  | [Gargoyle growth]
 18292 | Lair:5   | Reached XP level 14. HP: 53/88 MP: 21/21
 18293 | Lair:5   | 18293 ||| INVOKING Heroism.
 18340 | Lair:5   | 18340 ||| INVOKING Heroism.
 18504 | Lair:5   | 18504 ||| Stepping ~*~*~tactically~*~*~ (hiding).
 18513 | Lair:5   | Reached skill level 14 in Axes
 18599 | Lair:5   | 18599 ||| FLEEEEING.
 18600 | Lair:5   | 18600 ||| FLEEEEING.
 18601 | Lair:5   | 18601 ||| FLEEEEING.
 18602 | Lair:5   | 18602 ||| FLEEEEING.
 18603 | Lair:5   | 18603 ||| FLEEEEING.
 18604 | Lair:5   | 18604 ||| FLEEEEING.
 18605 | Lair:5   | 18605 ||| FLEEEEING.
 18606 | Lair:5   | 18606 ||| FLEEEEING.
 18607 | Lair:5   | 18607 ||| FLEEEEING.
 18608 | Lair:5   | 18608 ||| FLEEEEING.
 18609 | Lair:5   | 18609 ||| FLEEEEING.
 18610 | Lair:5   | 18610 ||| FLEEEEING.
 18611 | Lair:5   | 18611 ||| FLEEEEING.
 18612 | Lair:5   | 18612 ||| FLEEEEING.
 18613 | Lair:5   | 18613 ||| FLEEEEING.
 18614 | Lair:5   | 18614 ||| FLEEEEING.
 18615 | Lair:5   | 18615 ||| FLEEEEING.
 18800 | Lair:5   | 18800 ||| Stepping ~*~*~tactically~*~*~ (stealth).
 18866 | Lair:5   | 18866 ||| Stepping ~*~*~tactically~*~*~ (stealth).
 18867 | Lair:5   | 18867 ||| Stepping ~*~*~tactically~*~*~ (stealth).
 18869 | Lair:5   | 18869 ||| INVOKING Heroism.
 18891 | Lair:5   | Received a gift from Okawaru
 18893 | Lair:5   | 18893 ||| DROPPING +4 broad axe of distortion.
 18968 | Lair:5   | 18968 ||| Stepping ~*~*~tactically~*~*~ (stealth).
 18969 | Lair:5   | 18969 ||| Stepping ~*~*~tactically~*~*~ (stealth).
 18984 | Lair:5   | Found a corrupted altar of Lugonu.
 18984 | Lair:5   | Found a one-way gate to the infinite horrors of the Abyss.
 18989 | Lair:5   | Identified the +2 leather armour of Youthful Indiscretion
                  | {Str+7}
 19099 | Lair:5   | 19099 ||| Stepping ~*~*~tactically~*~*~ (stealth).
 19101 | Lair:5   | 19101 ||| Stepping ~*~*~tactically~*~*~ (stealth).
 19102 | Lair:5   | 19102 ||| Stepping ~*~*~tactically~*~*~ (stealth).
 19104 | Lair:5   | 19104 ||| Stepping ~*~*~tactically~*~*~ (stealth).
 19135 | Lair:5   | 19135 ||| DROPPING +0 whip of electrocution.
 19352 | Lair:5   | 19352 ||| PLANNING D:1-11
 19352 | Lair:5   | 19352 ||| UPGRADING to amulet of the acrobat.
 19506 | D:11     | 19506 ||| Stepping ~*~*~tactically~*~*~ (hiding).
 19509 | D:11     | 19509 ||| Stepping ~*~*~tactically~*~*~ (hiding).
 19510 | D:11     | 19510 ||| Stepping ~*~*~tactically~*~*~ (hiding).
 19517 | D:11     | 19517 ||| FLEEEEING.
 19518 | D:11     | 19518 ||| FLEEEEING.
 19519 | D:11     | 19519 ||| FLEEEEING.
 19520 | D:11     | 19520 ||| FLEEEEING.
 19590 | D:11     | 19590 ||| Stepping ~*~*~tactically~*~*~ (stealth).
 19591 | D:11     | 19591 ||| Stepping ~*~*~tactically~*~*~ (stealth).
 19603 | D:11     | 19603 ||| DROPPING +0 flail.
 19612 | D:11     | Found a staircase to the Orcish Mines.
 19613 | D:11     | 19613 ||| Stepping ~*~*~tactically~*~*~ (stealth).
 19615 | D:11     | 19615 ||| Stepping ~*~*~tactically~*~*~ (hiding).
 19620 | D:11     | 19620 ||| INVOKING Heroism.
 19621 | D:11     | 19621 ||| SWAPPING to +0 morningstar.
 19622 | D:11     | 19622 ||| INVOKING Finesse.
 19628 | D:11     | 19628 ||| SWAPPING to +2 broad axe of venom.
 19636 | D:11     | 19636 ||| Stepping ~*~*~tactically~*~*~ (hiding).
 19644 | D:11     | 19644 ||| Stepping ~*~*~tactically~*~*~ (hiding).
 19646 | D:11     | 19646 ||| Stepping ~*~*~tactically~*~*~ (hiding).
 19648 | D:11     | 19648 ||| Stepping ~*~*~tactically~*~*~ (hiding).
 19656 | D:11     | 19656 ||| Stepping ~*~*~tactically~*~*~ (hiding).
 19722 | D:11     | 19722 ||| INVOKING Heroism.
 19967 | D:11     | 19967 ||| Stepping ~*~*~tactically~*~*~ (hiding).
 20052 | D:11     | Identified the +10 hand axe "Musuf" {flame, Dex+4}
 20063 | D:11     | 20063 ||| DROPPING +0 morningstar.
 20067 | D:11     | 20067 ||| READING 4 scrolls of teleportation.
 20070 | D:11     | 20070 ||| FLEEEEING.
 20071 | D:11     | 20071 ||| FLEEEEING.
 20417 | D:11     | 20417 ||| INVOKING Heroism.
 20695 | D:11     | 20695 ||| Stepping ~*~*~tactically~*~*~ (stealth).
 20710 | D:11     | 20710 ||| READING scroll of enchant weapon.
 20710 | D:11     | 20710 ||| ENCHANTING +2 broad axe of venom.
 20741 | D:11     | 20741 ||| PLANNING D
 20760 | D:11     | 20760 ||| Stepping ~*~*~tactically~*~*~ (stealth).
 20810 | D:12     | 20810 ||| INVOKING Heroism.
 20811 | D:12     | 20811 ||| INVOKING Finesse.
 20963 | D:12     | 20963 ||| READING 3 scrolls of teleportation.
 21071 | D:12     | 21071 ||| READING 2 scrolls of teleportation.
 21076 | D:12     | 21076 ||| INVOKING Heroism.
 21076 | D:12     | Noticed a tengu reaver
 21077 | D:12     | 21077 ||| INVOKING Finesse.
 21081 | D:12     | Noticed a sphinx
 21088 | D:12     | Reached skill level 12 in Shields
 21089 | D:12     | HP: 15/90 [tengu reaver/bolt of lightning (9)]
 21090 | D:12     | 21090 ||| READING scroll of teleportation.
 21091 | D:12     | 21091 ||| DRINKING 8 potions of heal wounds.
 21092 | D:12     | 21092 ||| DRINKING 7 potions of heal wounds.
 21096 | D:12     | Received a gift from Okawaru
 21097 | D:12     | HP: 17/90 [tengu reaver/bolt of acid (16)]
 21098 | D:12     | 21098 ||| DRINKING 6 potions of heal wounds.
 21129 | D:12     | 21129 ||| INVOKING Heroism.
 21233 | D:12     | 21233 ||| INVOKING Heroism.
 21261 | D:12     | HP: 18/87 [tengu reaver/bolt of negative energy (16)]
 21262 | D:12     | 21262 ||| DRINKING 5 potions of heal wounds.
 21264 | D:12     | Killed a tengu reaver
 21270 | D:12     | HP: 20/90 [sphinx/divine providence (12)]
 21271 | D:12     | 21271 ||| DRINKING 4 potions of heal wounds.
 21273 | D:12     | Killed a sphinx
 21300 | D:12     | 21300 ||| INVOKING Heroism.
 21350 | D:12     | 21350 ||| FLEEEEING.
 21351 | D:12     | 21351 ||| FLEEEEING.
 21364 | D:12     | 21364 ||| FLEEEEING.
 21365 | D:12     | 21365 ||| FLEEEEING.
 21366 | D:12     | 21366 ||| FLEEEEING.
 21367 | D:12     | 21367 ||| FLEEEEING.
 21368 | D:12     | 21368 ||| FLEEEEING.
 21377 | D:12     | 21377 ||| STAIRDANCE
 21386 | D:11     | 21386 ||| FLEEEEING.
 21387 | D:11     | 21387 ||| FLEEEEING.
 21388 | D:11     | 21388 ||| FLEEEEING.
 21389 | D:11     | 21389 ||| FLEEEEING.
 21390 | D:11     | 21390 ||| FLEEEEING.
 21391 | D:11     | 21391 ||| FLEEEEING.
 21392 | D:11     | 21392 ||| FLEEEEING.
 21393 | D:11     | 21393 ||| FLEEEEING.
 21394 | D:11     | 21394 ||| FLEEEEING.
 21395 | D:11     | 21395 ||| FLEEEEING.
 21401 | D:11     | 21401 ||| FLEEEEING.
 21402 | D:11     | 21402 ||| FLEEEEING.
 21403 | D:11     | 21403 ||| FLEEEEING.
 21404 | D:11     | 21404 ||| STAIRDANCE
 21650 | D:12     | Identified the ring of the Endless Expanse {Ice Will+ Str+2
                  | Dex+2}
 21733 | D:12     | 21733 ||| DROPPING ring of positive energy.
 21734 | D:12     | 21734 ||| READING scroll of teleportation.
 21735 | D:12     | 21735 ||| Stepping ~*~*~tactically~*~*~ (hiding).
 21738 | D:12     | 21738 ||| Stepping ~*~*~tactically~*~*~ (hiding).
 22091 | D:13     | Identified the +0 helmet of Okawaru's Indignation {-Tele
                  | Fly Str+3 Int+7} (Okawaru gifted it to you on level 13 of
                  | the Dungeon)
 22091 | D:13     | Received a gift from Okawaru
 22092 | D:13     | 22092 ||| STAIRDANCE
 22235 | D:13     | Found a gate to the Vaults.
 22236 | D:13     | 22236 ||| INVOKING Heroism.
 22242 | D:13     | 22242 ||| Stepping ~*~*~tactically~*~*~ (hiding).
 22266 | D:13     | Reached skill level 15 in Axes
 22567 | D:13     | 22567 ||| Stepping ~*~*~tactically~*~*~ (hiding).
 22578 | D:13     | Reached XP level 15. HP: 95/95 MP: 22/22
 22624 | D:13     | 22624 ||| INVOKING Heroism.
 22665 | D:13     | 22665 ||| Stepping ~*~*~tactically~*~*~ (stealth).
 22666 | D:13     | 22666 ||| Stepping ~*~*~tactically~*~*~ (stealth).
 22670 | D:13     | 22670 ||| Stepping ~*~*~tactically~*~*~ (stealth).
 22675 | D:13     | 22675 ||| INVOKING Heroism.
 22676 | D:13     | 22676 ||| Stepping ~*~*~tactically~*~*~ (stealth).
 22687 | D:13     | Reached skill level 12 in Fighting
 22809 | D:13     | 22809 ||| Stepping ~*~*~tactically~*~*~ (hiding).
 22994 | D:13     | 22994 ||| Stepping randomly (disturbance).
 23278 | D:13     | 23278 ||| UPGRADING to +0 tower shield.
 23288 | D:13     | 23288 ||| DROPPING +0 kite shield.
 23319 | D:14     | 23319 ||| PLANNING GAUNTLET
 23376 | D:14     | 23376 ||| INVOKING Heroism.
 23666 | D:14     | Found a gate leading to a gauntlet.
 23667 | D:14     | 23667 ||| DROPPING +6 ring of dexterity.
 23676 | Gauntlet | Entered a Gauntlet
 23676 | Gauntlet | Found a runed translucent door.
 23676 | Gauntlet | Found a transporter.
 23676 | Gauntlet | Found a runed translucent door.
 23676 | Gauntlet | Found a transporter.
 23676 | Gauntlet | Found a transporter.
 23688 | Gauntlet | Found a transporter.
 23691 | Gauntlet | Found a transporter.
 23699 | Gauntlet | Found a transporter.
 23702 | Gauntlet | Found a transporter.
 23710 | Gauntlet | Noticed a balrug
 23712 | Gauntlet | Found a transporter.
 23730 | Gauntlet | Found a transporter.
 23748 | Gauntlet | Found a transporter.
 23752 | Gauntlet | Found a transporter.
 23762 | Gauntlet | Found a transporter.
 23855 | Gauntlet | 23855 ||| DROPPING ring of protection from cold.
 23860 | Gauntlet | 23860 ||| INVOKING Heroism.
 23885 | Gauntlet | HP: 6/96 [balrug/bolt of fire (20)]
 23886 | Gauntlet | 23886 ||| DRINKING 4 potions of heal wounds.
 23886 | Gauntlet | Slain by a balrug

Levels and vault maps discovered:
D:1:      amcnicky_arrival_abandoned_market, layout_rooms, serial_bayou_lagoon_a
D:2:      cheibrodos_old_hovel, layout_loops_ring
D:3:      layout_loops_ring, minitemple, wad_floor_pattern_1,
          minmay_fractal_squares_diagonal_5
D:4:      layout_loops_ring, minmay_misc_feat_tiny, minmay_snake_closets
D:5:      minmay_thinvault, layout_loops_ring, minmay_temple_entry_sparse_star
D:6:      layout_basic, nicolae_qazlal_eye_of_the_storm
D:7:      layout_basic, grunt_temple_overflow_magic_moments,
          amcnicky_altar_gilded, mainiacjoe_overflow_six_doors_small,
          kennysheep_diamond, kennysheep_flooded_box, uniq_duvessa, uniq_maggie
D:8:      layout_basic, minmay_fire_ice_demons, uniq_psyche
D:9:      layout_cross, serial_gnoll_camp, gnoll_camp_mini_shop,
          gnoll_camp_medium_02, gnoll_camp_mini_hut, gnoll_camp_mini_doghouse,
          serial_shops, shop, nzn_sisyphean_effort
D:10:     layout_basic, zin_statuary, bloody_makhleb, david_lair_shrubbed
D:11:     cheibrodos_orc_bank, layout_long_grid, david_orc_3
D:12:     minmay_strange_plus, layout_loops_ring
D:13:     layout_roguey, lightli_vaults_fourway_checkpoint
D:14:     layout_irregular_city, gauntlet_entry_generic, minmay_evil_grid
Temple:   nicolae_temple_hex_pool
Lair:1:   layout_long_grid
Lair:2:   layout_roguey, small_statue_intersection, uniq_gastronok
Lair:3:   layout_cellular_growth, elwin_shoals_entry_stream,
          minmay_snake_entry_six_corridors, basic_altar,
          nicolae_lair_run_with_the_wolves
Lair:4:   layout_loops_ring, chequers_serial_rivers_micro_c,
          chequers_serial_rivers_large_a, beast_lair_carwin_3,
          grunt_megastairs_4, infiniplex_staircase_pool, uniq_nessos
Lair:5:   hellmonk_lair_end_abyssal_woods, layout_misc_corridors, slime_entry_1,
          chequers_serial_rivers_small_b, dreamdust_gnoll_shepherd,
          serial_bayou_shore_b
Gauntlet: minmay_gauntlet_mixed_big_or_small
          [nicolae_gauntlet_arena_flowing_pool,
          minmay_gauntlet_arena_77_cramped, gammafunk_gauntlet_arena_corners,
          minmay_gauntlet_arena_77_braids, nicolae_gauntlet_arena_t_cross,
          minmay_gauntlet_arena_77_chump_sandwich, gauntlet_exit_hidden_loot]

Skill      XL: |  1  2  3  4  5  6  7  8  9 10 11 12 13 14 15 |
---------------+----------------------------------------------+-----
Axes           | 2 3 4 5 6 7 8 9 10 11 13 15 | 15.3
Fighting       | 4 5 7 8 9 10 11 12 | 12.0
Armour         | 4 5 7 8 10 11 | 11.0
Throwing       | 2 3 |  3.8
Dodging        | 3 |  3.1
Invocations    | 1 4 5 9 10 | 10.0
Shields        | 4 5 7 10 11 12 | 12.5

Action                   |  1- 3 |  4- 6 |  7- 9 | 10-12 | 13-15 || total
-------------------------+-------+-------+-------+-------+-------++-------
Melee: War axe           |    89 |   236 |   192 |       |       ||   517
       Broad axe         |       |       |    22 |   391 |   660 ||  1073
       Morningstar       |       |       |       |       |     5 ||     5
Throw: Boomerang         |       |       |    39 |    47 |   150 ||   236
       Javelin           |       |       |       |    39 |     7 ||    46
Invok: Heroism           |       |       |     6 |    29 |    31 ||    66
       Finesse           |       |       |       |     1 |     5 ||     6
  Use: Scroll            |     3 |     8 |    11 |     6 |     9 ||    37
       Potion            |       |     8 |       |       |     7 ||    15
Armor: Scale mail        |    29 |       |       |       |       ||    29
       Chain mail        |    27 |   169 |    69 |    42 |       ||   307
       Plate armour      |       |       |       |   229 |   331 ||   560
Dodge: Dodged            |    35 |   107 |    95 |   136 |   154 ||   527
Block: Buckler           |    18 |    39 |    25 |    39 |       ||   121
       Kite shield       |       |       |       |   103 |   286 ||   389
       Tower shield      |       |       |       |       |    18 ||    18

Table legend:
 A = Non-vault XP
 B = Vault XP
 C = Vault XP percentage of total XP
 D = Non-vault monster count
 E = Vault monster count
 F = Vault count percentage of total count
                 A         B        C        D         E       F
            +---------+---------+-------+---------+---------+-------
      Total |   53168 |   41328 |  43.7 |     368 |     175 |  32.2
            +---------+---------+-------+---------+---------+-------
        D:1 |      35 |       0 |   0.0 |      22 |       0 |   0.0
        D:2 |      63 |      15 |  19.2 |      21 |       2 |   8.7
        D:3 |     132 |      20 |  13.2 |      20 |      10 |  33.3
        D:4 |     394 |      47 |  10.7 |      20 |       7 |  25.9
        D:5 |     707 |     649 |  47.9 |      19 |      12 |  38.7
        D:6 |     738 |       0 |   0.0 |      13 |       0 |   0.0
        D:7 |    1366 |    1224 |  47.3 |      26 |       6 |  18.8
        D:8 |    3634 |      58 |   1.6 |      24 |       2 |   7.7
        D:9 |    1952 |    1327 |  40.5 |      31 |      23 |  42.6
       D:10 |    1394 |     367 |  20.8 |      15 |       1 |   6.2
       D:11 |    3002 |    1446 |  32.5 |      29 |      21 |  42.0
       D:12 |    2102 |    7002 |  76.9 |       5 |       8 |  61.5
       D:13 |    6957 |    6330 |  47.6 |      19 |      12 |  38.7
       D:14 |    1263 |       0 |   0.0 |       5 |       0 |   0.0
     Lair:1 |    2410 |       0 |   0.0 |      13 |       0 |   0.0
     Lair:2 |    5689 |    1786 |  23.9 |      23 |       3 |  11.5
     Lair:3 |   10251 |    4754 |  31.7 |      25 |      19 |  43.2
     Lair:4 |    4929 |    3217 |  39.5 |      17 |       7 |  29.2
     Lair:5 |    6150 |   11404 |  65.0 |      21 |      37 |  63.8
   Gauntlet |       0 |    1682 | 100.0 |       0 |       5 | 100.0
            +---------+---------+-------+---------+---------+-------
